Map: Flashback EE

Players

MrFercho - Winner!

  • Race: Zerg Zerg
  • League: Gold
  • Spawn Location: 7:00

TATORREA - Winner!

  • Race: Protoss Protoss
  • League: Gold
  • Spawn Location: 7:00

tigro - Winner!

  • Race: Terran Terran
  • League: Bronze
  • Spawn Location: 7:00

SpaceRunner

  • Race: Protoss Protoss
  • League: Silver
  • Spawn Location: 11:00

astrozombie

  • Race: Terran Terran
  • League: Silver
  • Spawn Location: 9:00

Rapture

  • Race: Terran Terran
  • League: Silver
  • Spawn Location: 11:00

VOD

Have the link to the VOD?

Description

Time

  • Played on: July 21, 2020, 9:13 p.m.
  • Length: 7:23
Show
View Real Time Build Order
Export as new Build Order

MrFercho Zerg - Winner!

Build Orders: Hatch First 

Get SALT Encoding   

  12  0:01  Drone  
  13  0:13  Overlord  
  13  0:18  Drone  
  14  0:31  Drone x2  
  16  0:53  Drone  
  16  0:55  Hatchery  
  16  0:56  Drone  
  17  0:59  Drone  
  18  1:07  Extractor  
  17  1:16  Spawning Pool  
  16  1:19  Drone  
  16  1:22  Drone  
  18  1:29  Drone  
  19  1:45  Overlord  
  19  1:55  Drone  
  20  2:11  Zergling x4  
  20  2:13  Queen x2  
  20  2:15  Drone  
  27  2:20  Metabolic Boost  
  27  2:21  Drone  
  28  2:23  Drone  
  29  2:30  Drone  
  29  2:36  Drone  
  31  2:40  Drone  
  32  2:46  Drone  
  33  2:59  Zergling x2  
  33  3:00  Zergling x2  
  35  3:16  Drone  
  35  3:24  Drone  
  35  3:26  Overlord x3  
  36  3:42  Lair  
  36  3:48  Drone x5  
  41  4:00  Drone  
  42  4:09  Drone x5  
  47  4:17  Baneling Nest, Drone x4  
  50  4:26  Extractor  
  50  4:27  Extractor  
  48  4:35  Hatchery  
  48  4:38  Hatchery  
  46  4:39  Drone x2  
  48  4:48  Evolution Chamber  
  47  4:55  Zergling x14  
  54  5:01  Centrifical Hooks  
  54  5:06  Zergling x2  
  54  5:07  Zergling x2  
  56  5:16  Drone  
  57  5:21  Drone x3  
  57  5:23  Overlord x3  
  60  5:34  Nydus Network, Baneling x6  
  60  5:35  Baneling, Zergling x2  
  60  5:36  Overlord x3  
  60  5:43  Zergling x8  
  64  5:58  Zergling x10  
  67  6:18  Zergling x2  
  67  6:19  Zergling x18  
  76  6:38  Zergling x14  
  80  6:46  Zergling x12  
Show
View Real Time Build Order
Export as new Build Order

TATORREA Protoss - Winner!

Build Orders:  

Get SALT Encoding   

  12  0:01  Probe  
  13  0:13  Probe  
  14  0:28  Pylon  
  14  0:30  Probe  
  15  0:43  Pylon  
  15  0:46  Probe  
  16  0:57  Gateway  
  16  0:58  Probe  
  17  1:10  Probe  
  18  1:14  Assimilator  
  18  1:27  Probe  
  19  1:39  Probe  
  19  1:49  Cybernetics Core  
  19  1:57  Nexus  
  19  1:59  Pylon  
  19  2:04  Probe  
  20  2:11  Zealot  
  22  2:20  Assimilator  
  22  2:32  Gateway  
  22  2:36  Probe  
  22  2:38  Twilight Council  
  23  2:44  Probe  
  24  3:00  Charge  
  24  3:06  Zealot  
  24  3:07  Warp Gate  
  26  3:29  Zealot  
  26  3:33  Zealot  
  30  3:38  Probe x2  
  32  3:47  Pylon  
  32  3:50  Probe x2  
  32  3:51  Pylon  
  34  4:01  Zealot  
  34  4:02  Probe x2  
  38  4:03  Robotics Facility  
  38  4:08  Zealot  
  40  4:14  Probe x2  
  42  4:26  Probe x2  
  42  4:28  Zealot  
  46  4:35  Blink  
  46  4:43  Gateway  
  46  4:46  Immortal  
  46  4:52  Probe x2  
  52  5:02  Sentry  
  52  5:06  Sentry  
  56  5:10  Probe x2  
  58  5:16  Assimilator  
  58  5:20  Assimilator  
  58  5:23  Pylon  
  58  5:25  Observer  
  58  5:27  Pylon, Zealot  
  61  5:30  Zealot  
  61  5:34  Probe x2  
  65  5:39  Zealot  
  67  5:46  Probe x2  
  67  5:47  Immortal  
  71  6:11  Stalker x2  
  71  6:12  Stalker  
  54  7:07  Zealot x3  
Show
View Real Time Build Order
Export as new Build Order

tigro Terran - Winner!

Build Orders:  

Get SALT Encoding   

  12  0:02  SCV  
  13  0:14  SCV  
  14  0:26  SCV  
  15  0:32  Supply Depot  
  15  0:45  Refinery  
  15  0:54  SCV  
  15  0:55  Supply Depot  
  16  0:57  Barracks  
  16  1:06  SCV  
  17  1:18  SCV  
  18  1:27  Refinery  
  18  1:30  SCV  
  19  1:42  SCV  
  20  1:54  SCV  
  20  1:59  Marine  
  22  2:10  Factory  
  23  2:15  SCV  
  23  2:17  Marine  
  24  2:27  SCV  
  25  2:34  Marine  
  26  2:43  Engineering Bay  
  26  2:44  Orbital Command  
  26  2:52  Marine  
  27  3:10  Marine  
  26  3:35  Factory Tech Lab  
  26  3:47  Command Center  
  26  3:56  Siege Tank  
  26  4:02  Barracks Tech Lab  
  29  4:20  Command Center  
  29  4:27  Command Center  
  29  4:28  Siege Tank  
  29  4:31  Terran Infantry Weapons Level 1  
  32  4:49  Combat Shield  
  32  5:00  Siege Tank  
  32  5:01  SCV, Refinery  
  36  5:13  SCV  
  37  5:25  SCV  
  38  5:32  Siege Tank  
  41  5:37  SCV  
  41  5:41  SCV  
  41  5:42  Refinery  
  43  5:46  Marine  
  43  5:49  SCV  
  45  5:53  SCV  
  46  6:04  Marine  
  46  6:05  SCV  
  48  6:17  SCV  
  49  6:21  Marine  
  50  6:29  Starport, SCV  
  51  6:39  Marine  
  52  6:57  Marine  
Show
View Real Time Build Order
Export as new Build Order

SpaceRunner Protoss 

Build Orders:  

Get SALT Encoding   

  1  0:00  Probe  
  12  0:05  Probe  
  14  0:19  Pylon  
  14  0:25  Probe  
  15  0:37  Probe  
  15  0:41  Gateway  
  16  0:49  Probe  
  17  0:59  Assimilator  
  17  1:02  Probe  
  18  1:36  Probe  
  18  1:44  Probe  
  19  1:53  Pylon  
  20  1:54  Probe  
  21  2:04  Forge  
  21  2:07  Pylon  
  21  2:15  Cybernetics Core  
  21  2:20  Pylon  
  21  2:29  Probe  
  21  2:32  Assimilator  
  21  2:37  Probe  
  22  2:41  Photon Cannon  
  22  2:42  Photon Cannon  
  23  2:47  Probe  
  24  2:52  Stalker  
  24  2:53  Pylon  
  26  2:59  Pylon  
  26  3:01  Pylon  
  25  3:33  Warp Gate  
  25  3:36  Pylon  
  25  3:38  Robotics Facility  
  25  4:05  Adept  
  25  4:09  Nexus  
  27  4:11  Pylon  
  27  4:20  Gateway  
  27  4:25  Photon Cannon  
  27  4:30  Immortal  
  27  4:35  Adept  
  33  5:01  Gateway  
  33  5:22  Probe  
  33  5:28  Probe  
  34  5:30  Probe  
  36  5:36  Probe  
  36  5:40  Probe  
  37  5:47  Robotics Bay  
  34  6:00  Pylon  
  27  6:08  Adept  
  27  6:09  Adept x2  
  33  6:20  Pylon  
  31  6:35  Adept x3  
Show
View Real Time Build Order
Export as new Build Order

astrozombie Terran 

Build Orders:  

Get SALT Encoding   

  12  0:17  Supply Depot  
  12  0:23  SCV, Refinery  
  13  0:35  SCV  
  14  0:47  Supply Depot, SCV  
  15  1:01  Barracks  
  15  1:16  Engineering Bay  
  15  1:43  SCV  
  16  1:55  SCV  
  17  2:09  Factory  
  17  2:12  Barracks Tech Lab  
  17  2:19  SCV  
  17  2:20  Refinery  
  18  2:31  SCV  
  19  2:43  SCV  
  20  2:45  Marine  
  21  2:55  SCV  
  22  3:02  Factory Tech Lab  
  22  3:03  Marine  
  23  3:07  SCV  
  23  3:10  Starport  
  24  3:21  Marine  
  25  3:38  Marine  
  26  3:44  Siege Tank  
  29  3:52  Supply Depot  
  29  4:11  Command Center  
  29  4:15  Supply Depot  
  29  4:16  Siege Tank  
  32  4:33  Barracks, Orbital Command  
  32  4:36  Medivac  
  34  5:04  Cyclone  
  37  5:09  Marine  
  38  5:27  Marine  
  39  5:41  Barracks Reactor  
  39  5:42  Armory  
  39  5:45  Marine, Missile Turret  
  39  5:46  SCV  
  41  5:58  SCV  
  41  6:03  Marine  
  35  6:07  Missile Turret  
  35  6:10  SCV  
  36  6:12  Siege Tank  
  36  6:20  Marine  
  36  6:22  SCV  
  36  6:34  SCV  
  36  6:43  Supply Depot  
Show
View Real Time Build Order
Export as new Build Order

Rapture Terran 

Build Orders:  

Get SALT Encoding   

  12  0:01  SCV  
  13  0:16  Supply Depot  
  13  0:19  SCV  
  14  0:32  SCV  
  15  0:51  SCV  
  15  0:56  Refinery  
  16  0:57  Barracks  
  16  1:03  SCV  
  17  1:15  SCV  
  18  1:39  Supply Depot  
  18  1:48  Marine  
  18  1:49  Refinery  
  18  1:51  Orbital Command  
  19  2:06  Marine  
  20  2:12  Factory  
  20  2:18  SCV  
  21  2:30  SCV  
  22  2:42  SCV  
  23  2:54  SCV  
  23  2:57  Factory Tech Lab  
  24  3:19  Siege Tank  
  27  3:51  Siege Tank  
  27  3:54  Command Center  
  30  4:00  Factory  
  30  4:18  Supply Depot  
  30  4:40  Armory  
  30  4:42  Supply Depot  
  30  4:46  Factory Reactor  
  30  4:48  Marine  
  31  5:04  Supply Depot  
  31  5:05  Marine  
  32  5:09  Orbital Command  
  32  5:23  Marine  
  32  5:26  SCV  
  34  5:30  Hellion x2  
  34  5:34  Infernal Pre-Igniter  
  38  5:41  Marine  
  39  5:45  SCV  
  40  5:51  Hellion x2  
  41  5:57  SCV  
  41  5:59  Marine  
  43  6:09  SCV  
  41  6:13  Hellion x2  
  41  6:21  SCV  
  41  6:23  Siege Tank  
  39  6:33  SCV  
  39  6:34  Hellion x2  
Tags
 
Add a new tag
Caveats
  • Supply blocks, unpowered buildings, or Contaminate may cause inaccurate times.
  • Supply counts are checked every 10 seconds.